 Dungeon Crawl Stone Soup version 0.31.0-12-g77e489cdc1 (webtiles) character file.

Game seed: 1617564880699161049

1777 monsoonserge the Ruffian (level 9, 0/54 HPs)
             Began as an Octopode Shapeshifter on Feb 25, 2024.
             Was an Initiate of Gozag.
             Slain by a steam dragon (7 damage)
             ... on level 7 of the Dungeon.
             The game lasted 00:23:41 (5832 turns).

monsoonserge the Ruffian (Octopode Shapeshifter)    Turns: 5832, Time: 00:23:43

Health: 0/54       AC:  1    Str: 23    XL:     9   Next: 8%
Magic:  0/9        EV: 18    Int: 12    God:    Gozag
Gold:   599        SH:  0    Dex: 18    Spells: 8/8 levels left

rFire   . .          .
                       - Unarmed
rCold   . . .        (shield currently unavailable)
rNeg    . . .        (helmet restricted)
rPois   .            r - amulet of guardian spirit
rElec   .            j - ring of flight
rCorr   .            q - +6 ring of strength
SInv    .            C - +6 ring of dexterity
Will    .....        (no ring)
Stlth   ++           (no ring)
HPRegen 0.29/turn    (no ring)
MPRegen 0.11/turn    (no ring)
                     (no ring)

%: guardian spirit
@: flux-form, flying, glowing
A: glow, contaminating, reduced hp, almost no armour, amphibious, 8 rings,
camouflage 1, gelatinous body 1, (nimble swimmer 1), tentacles
a: Begin Untransformation, Renounce Religion, Potion Petition, Call Merchant,
Bribe Branch


You were on level 7 of the Dungeon.
You worshipped Gozag.
Gozag was pleased with you.
You were something dangerously unstable.
You visited 2 branches of the dungeon, and saw 8 of its levels.
You also visited: Sewer.

You collected 684 gold pieces.
You paid 85 gold pieces to Gozag.

Inventory:

Missiles
 d - a boomerang
 G - 4 poisoned darts (quivered)
Jewellery
 g - an amulet of magic regeneration
 j - a ring of flight (left tentacle)
 q - a +6 ring of strength (right tentacle)
 r - an amulet of guardian spirit (around mantle)
 y - an amulet of reflection
 C - a +6 ring of dexterity (on tentacle)
Talismans
 b - a beast talisman
 c - a flux talisman (active)
 H - a blade talisman
Wands
 i - a wand of mindburst (8)
 l - a wand of polymorph (7)
Scrolls
 e - 2 scrolls of summoning {unknown}
 f - a scroll of teleportation {unknown}
 h - a scroll of fog {unknown}
 k - 3 scrolls of blinking {unknown}
 m - a scroll of enchant weapon {unknown}
 n - 2 scrolls of brand weapon {unknown}
 p - 2 scrolls of amnesia {unknown}
 s - 4 scrolls of identify {unknown}
 w - a scroll of immolation {unknown}
 z - a scroll of torment {unknown}
 B - a scroll of fear {unknown}
 D - 2 scrolls of enchant armour {unknown}
 E - a scroll of vulnerability {unknown}
 F - a scroll of poison {unknown}
 I - a scroll of revelation {unknown}
Potions
 a - a potion of lignification
 o - a potion of attraction {unknown}
 t - 3 potions of haste {unknown}
 u - 3 potions of resistance {unknown}
 v - 2 potions of mutation {unknown}
 x - a potion of berserk rage
 A - a potion of enlightenment {unknown}
 J - a potion of brilliance {unknown}
 K - 5 potions of curing
 L - a potion of heal wounds {unknown}


   Skills:
 + Level 3.0 Fighting
 - Level 2.0 Throwing
 + Level 3.0 Dodging
 + Level 6.2 Stealth
 + Level 7.1 Unarmed Combat
 + Level 1.8 Evocations
 * Level 6.7 Shapeshifting


You had 8 spell levels left.
You didn't know any spells.
Your spell library contained the following spells:

 Spells                   Type           Power      Damage    Failure   Level
 Foxfire                  Conj/Fire      0%         2x1d4     32%         1
 Sting                    Conj/Alch      0%         1d3       32%         1
 Fireball                 Conj/Fire      0%         3d3       100%        5
 Fire Storm               Conj/Fire      0%         5d1       100%        9


Dungeon Overview and Level Annotations

Branches:
Dungeon (7/15)             Temple (1/1) D:4           Sewer (visited)

Altars:
Ashenzari
Fedhas
Gozag
Hepliaklqana
Kikubaaqudgha
Makhleb
Okawaru
Qazlal
Sif Muna
Trog
Vehumet
Wu Jian
Xom
Yredelemnul
Zin

Annotations:
D:2 1 runed translucent door, Crazy Yiuf


Innate Abilities, Weirdness & Mutations

You are something dangerously unstable.
You glow with magical radiation, making you easy to see and hit.
Foes you strike become dangerously contaminated with magical radiation.
Your maximum health is decreased, since you lack skill for your form.
You are incapable of wielding weapons or throwing items.
You cannot wear most types of armour.
You are amphibious.
You can wear up to eight rings at the same time.
Your skin changes colour to match your surroundings (Stealth+).
Your rubbery body absorbs attacks. (AC +1, EV +1)
((You are camouflaged when in or above water. (Stealth+)))
You have tentacles for arms and can constrict up to eight enemies at once.


Message History

Magic restored.
HP restored.
Found a stone staircase leading down.
You reach down and open the door.
There is an open door here.
Found 5 stones.
You now have 599 gold pieces (gained 10).
There are no items here.
Found an escape hatch in the ceiling.
You reach down and open the door.
There is an open door here.
Found a stone staircase leading down.
A steam dragon comes into view.
The steam dragon hisses angrily.
The steam dragon misses you. The steam dragon barely misses you.
You tentacle-slap the steam dragon.
The steam dragon begins to glow.
The steam dragon is lightly wounded.
The steam dragon bites you. The steam dragon misses you.
You tentacle-slap the steam dragon.
The steam dragon glows dangerously bright.
You squeeze the steam dragon.
The steam dragon is moderately wounded.
The steam dragon breathes steam at you. The ball of steam hits you!
You tentacle-slap the steam dragon but do no damage.
The steam dragon shudders as magic cascades through it!
The steam dragon twists and deforms.
You squeeze the steam dragon.
The steam dragon is severely wounded.
You are engulfed in a cloud of scalding steam.
The steam dragon bites you. The steam dragon barely misses you.
The steam dragon breathes steam at you. The ball of steam hits you!!
* * * LOW HITPOINT WARNING * * *
You tentacle-slap the steam dragon.
The steam dragon begins to glow.
The steam dragon is almost dead.
You are engulfed in a cloud of scalding steam.
* * * LOW HITPOINT WARNING * * *
The steam dragon bites you!
You die...
Your body crumbles into a pile of gold.

................#
.........##....##
.........##..§.# ##+##
.........#.....##....#
.........#..>§........
.........#..§.§§......
.........##.§.§##.....
..###...##....# ....
#§pD.# ...
.................
............... .
................
################


You could see a steam dragon (contam, catching breath, misshapen).

Vanquished Creatures
  Sigmund (D:4)
  Eustachio (D:5)
  Pargi (Sewer)
  2 black bears
  3 ogres
  A phantom (D:4)
  A brain worm (Sewer)
  A bullfrog (D:6)
  2 scorpions (D:5)
  2 hounds
  2 orc priests
  A sleepcap (D:4)
  Ijyb (D:3)
  Jessica (D:3)
  3 iguanas
  2 orc wizards
  Robin (D:2)
  5 gnolls
  6 adders
  4 river rats
  A shadow imp (D:6)
  2 dart slugs
  2 ribbon worms
  19 orcs
  9 ball pythons
  14 bats
  2 endoplasms
  5 giant cockroaches
  17 goblins
  7 hobgoblins
  3 jackals (D:5)
  4 quokkas
  3 frilled lizards
  2 kobolds
  4 rats
135 creatures vanquished.

Notes
Turn   | Place    | Note
-------+----------+-------------------------------------------
     0 | D:1      | monsoonserge the Octopode Shapeshifter began the quest for
                  | the Orb.
     0 | D:1      | Reached XP level 1. HP: 13/13 MP: 1/1
    29 | D:1      | Reached XP level 2. HP: 12/18 MP: 2/2
   298 | D:1      | Reached XP level 3. HP: 23/23 MP: 3/3
   504 | D:2      | Reached skill level 4 in Unarmed Combat
   812 | D:2      | Reached skill level 1 in Stealth
   812 | D:2      | Reached XP level 4. HP: 24/28 MP: 4/4
  1100 | D:2      | Found a runed translucent door.
  1101 | D:2      | Noticed Crazy Yiuf
  1383 | D:3      | Noticed Jessica
  1453 | D:3      | Noticed Ijyb
  1465 | D:3      | Reached skill level 5 in Unarmed Combat
  1465 | D:3      | Reached XP level 5. HP: 33/33 MP: 5/5
  1469 | D:3      | Killed Ijyb
  1500 | D:3      | Found an iron altar of Okawaru.
  1516 | D:3      | Killed Jessica
  1659 | D:3      | Found a glowing drain.
  1791 | D:3      | Noticed Robin
  1827 | D:2      | Killed Robin
  1828 | D:2      | Reached XP level 6. HP: 21/38 MP: 2/6
  1956 | D:3      | Reached skill level 6 in Unarmed Combat
  1976 | Sewer    | Entered a sewer
  2052 | Sewer    | Noticed Pargi
  2058 | Sewer    | Killed Pargi
  2059 | Sewer    | Reached skill level 1 in Evocations
  2355 | D:3      | Reached XP level 7. HP: 37/43 MP: 5/7
  2464 | D:3      | Found a faded altar of an unknown god.
  2577 | D:4      | Noticed Sigmund
  2850 | D:4      | Got the Annotations on Mutagenic Fulmination
  3041 | D:4      | Reached skill level 7 in Unarmed Combat
  3166 | D:4      | Found a staircase to the Ecumenical Temple.
  3175 | Temple   | Entered the Ecumenical Temple
  3192 | Temple   | Became a worshipper of Gozag Ym Sagoz the Greedy
  3598 | D:4      | Reached skill level 5 in Stealth
  3670 | D:5      | Entered Level 5 of the Dungeon
  3702 | D:5      | Noticed Eustachio
  3908 | D:5      | Reached skill level 1 in Throwing
  3908 | D:5      | Reached XP level 8. HP: 19/50 MP: 4/8
  4573 | D:5      | Killed Eustachio
  4744 | D:4      | Killed Sigmund
  4745 | D:4      | Reached skill level 5 in Shapeshifting
  5213 | D:6      | Reached XP level 9. HP: 56/56 MP: 9/9
  5832 | D:7      | Slain by a steam dragon

Illustrated notes

Levels and vault maps discovered:
D:1:      sevenhm_arrival_forest_fort_small_4, layout_rooms
D:2:      layout_basic, serial_bayou_pond_a, minmay_pentomino_u4,
          uniq_crazy_yiuf_cottage
D:3:      layout_loops_cross, mainiacjoe_overflow_boulevard,
          portal_sewer_entry_a, shapermc_ecumenical_altar_mp_vishouse,
          minmay_between, uniq_ijyb, uniq_jessica, uniq_robin
D:4:      layout_loops_ring, minmay_temple_entry_antechambers, uniq_sigmund
D:5:      layout_basic, nrook_loot_triangle, uniq_eustachio
D:6:      layout_cave_pods
D:7:      layout_gridville, nicolae_overflow_hidden_temple,
          gammafunk_temple_overflow_pools
Temple:   eino_temple_water

Skill      XL: |  1  2  3  4  5  6  7  8 |
---------------+-------------------------+-----
Unarmed Combat | 4 5 6 7 |  7.1
Stealth        | 1 2 3 5 6 |  6.2
Evocations     | 1 |  1.8
Dodging        | 3 |  3.0
Fighting       | 2 3 |  3.0
Throwing       | 1 2 |  2.0
Shapeshifting  | 4 6 |  6.7

Action                     |  1- 3 |  4- 6 |  7- 9 || total
---------------------------+-------+-------+-------++-------
  Melee: Unarmed           |    54 |    93 |   110 ||   257
         Constrict         |    15 |    21 |    31 ||    67
         Tentacles         |    10 |    19 |    31 ||    60
         Punch             |     1 |     4 |     6 ||    11
  Throw: Dart              |       |     3 |     4 ||     7
  Evoke: Wand              |       |     4 |     1 ||     5
    Use: Scroll            |       |     1 |       ||     1
         Potion            |       |     1 |     2 ||     3
   Stab: Sleeping          |     2 |     9 |    10 ||    21
         Distracted        |       |       |     4 ||     4
 Armour: Skin              |    30 |    41 |    56 ||   127
  Dodge: Dodged            |    39 |    62 |    47 ||   148
   Form: Flux              |       |       |     1 ||     1
